 Dungeon Crawl Stone Soup version 0.21-a0-361-g4efd3f9 (webtiles) character file.

52 nikopol the Skirmisher (level 3, -11/33 HPs)
             Began as a Hill Orc Fighter on Oct 13, 2017.
             Mangled by an orc warrior
             ... wielding a +0 short sword
              (13 damage)
             ... on level 2 of the Dungeon.
             The game lasted 00:02:52 (1231 turns).

nikopol the Skirmisher (Hill Orc Fighter)           Turns: 1231, Time: 00:02:52

Health: -11/33     AC:  8    Str: 19    XL:     3   Next: 85%
Magic:  3/3        EV:  7    Int:  8    God:
Gold:   75         SH:  9    Dex: 10    Spells: 2/2 levels left

rFire    . . .     SeeInvis .   a - +0 war axe
rCold    . . .     Gourm    .   c - +0 shield
rNeg     . . .     Faith    .   b - +0 scale mail
rPois    .         Spirit   .   (no helmet)
rElec    .         Reflect  .   (no cloak)
rCorr    .         Harm     .   h - +0 pair of gloves
MR       .....                  (no boots)
Stlth    ..........             (no amulet)
HPRegen  0.11/turn              (no ring)
MPRegen  0.08/turn              (no ring)

@: no status effects
A: no striking features
a: no special abilities


You were on level 2 of the Dungeon.
You were hungry.

You visited 1 branch of the dungeon, and saw 2 of its levels.

You collected 75 gold pieces.

Inventory:

Hand Weapons
 a - a +0 war axe (weapon)
Armour
 b - a +0 scale mail (worn)
 c - a +0 shield (worn)
 h - a +0 pair of gloves (worn)
Scrolls
 g - 2 scrolls of remove curse {unknown}
 j - a scroll of enchant armour {unknown}
 k - 2 scrolls of enchant weapon {unknown}
 m - a scroll of identify {unknown}
Potions
 d - a potion of might
 e - a potion of heal wounds {unknown}
 i - a potion of curing {unknown}
Comestibles
 f - 3 bread rations
 l - a chunk of flesh


   Skills:
 + Level 4.3 Fighting
 + Level 3.6 Axes
 + Level 3.8 Armour
 + Level 3.6 Shields


You had 2 spell levels left.
You didn't know any spells.

Dungeon Overview and Level Annotations

Branches:
Dungeon (2/15)

Altars:
Gozag


Message History

The orc warrior hits you with a short sword!
You block the orc warrior's attack.
You barely miss the orc warrior. You block the orc warrior's attack.
Your shield and scale mail prevent you from hitting the orc warrior.
The orc warrior hits you with a short sword!
Ouch! That really hurt!
* * * LOW HITPOINT WARNING * * *
You slash the orc warrior!
The orc warrior is moderately wounded.
The orc warrior hits you with a short sword.
* * * LOW HITPOINT WARNING * * *
The orc warrior hits you but does no damage.
You hit the orc warrior but do no damage.
The orc warrior is moderately wounded.
You are feeling hungry.
You block the orc warrior's attack. x2
You hit the orc warrior.
The orc warrior is moderately wounded.
The orc warrior hits you with a short sword!
You die...

#########...######........
######.................
........>...###........
######...##.# #........
#####...##.###........
..............'........
.######.......#........
#########.#..#........
+....@ooo.†..#........
########.#..##########
#.#...#.....#
#.#..o#.....##
#.#oo.........
#.#..#.##+#### #.
#.#.....# #.. #.#(...o#
#... #.###.....


You could see an orc warrior and 2 orcs.

Vanquished Creatures
  An ooze (D:2)
  A leopard gecko (D:2)
  An orc (D:2)
  2 bats
  A giant cockroach (D:1)
  2 goblins (D:1)
  6 hobgoblins
  9 jackals
  5 kobolds
  2 ball pythons (D:1)
  5 frilled lizards
  5 rats (D:1)
40 creatures vanquished.

Notes
Turn   | Place    | Note
-------+----------+-------------------------------------------
     0 | D:1      | nikopol the Hill Orc Fighter began the quest for the Orb.
     0 | D:1      | Reached XP level 1. HP: 19/19 MP: 1/1
   141 | D:1      | Reached XP level 2. HP: 27/27 MP: 2/2
   426 | D:1      | Reached skill level 4 in Fighting
   632 | D:1      | Reached XP level 3. HP: 31/33 MP: 3/3
  1172 | D:2      | Found an opulent altar of Gozag.
  1207 | D:2      | Noticed an orc warrior
  1229 | D:2      | HP: 1/33 [orc warrior/short sword (1)]
  1231 | D:2      | Mangled by an orc warrior

Vault maps used:
D:1:      scummos_arrival_checkerplants
D:2:      grunt_gozag_statues, first_bread

Skill      XL: |  1  2 |
---------------+-------+-----
Fighting       | 4 |  4.3
Axes           | 3 |  3.6
Armour         | |  3.8
Shields        | |  3.6

Action                   || total
-------------------------++-------
Melee: War axe           ||   165
  Eat: Chunk             ||     1
Armor: Scale mail        ||    86
Dodge: Dodged            ||    54
Block: Shield            ||    78

Table legend:
 A = Spawn XP
 B = Non-spawn XP
 C = Spawn XP percentage of total XP
 D = Spawn monster count
 E = Non-spawn monster count
 F = Spawn count percentage of total count
 G = Total turns spent on level
                    A         B        C        D         E        F      G
               +---------+---------+-------+---------+---------+-------+---------
         Total |       0 |      75 |   0.0 |       0 |      40 |   0.0 |  1231
               +---------+---------+-------+---------+---------+-------+---------
           D:1 |       0 |      38 |   0.0 |       0 |      23 |   0.0 |   854
           D:2 |       0 |      37 |   0.0 |       0 |      17 |   0.0 |   377
               +---------+---------+-------+---------+---------+-------+---------
